 Dungeon Crawl Stone Soup version 0.30-a0-159-g068b764562 (webtiles) character file.

Game seed: 12536634045643533793

1482 Hubris850 the Cleaver (level 8, 0/64 HPs)
             Began as a Hill Orc Monk on Sept 27, 2022.
             Was a Priest of Nemelex Xobeh.
             Shot with an arrow by a centaur (4 damage)
             ... on level 6 of the Dungeon.
             The game lasted 00:14:19 (6392 turns).

Hubris850 the Cleaver (Hill Orc Monk)               Turns: 6392, Time: 00:14:20

Health: 0/64       AC:  9    Str: 16    XL:     8   Next: 79%
Magic:  13/13      EV: 11    Int: 10    God:    Nemelex Xobeh [***...]
Gold:   303        SH:  0    Dex: 13    Spells: 7/7 levels left

rFire   . . .      SeeInvis .    t - +2 short sword (venom)
rCold   . . .      Faith    .    (no shield)
rNeg    . . .      Spirit   .    e - +0 ring mail
rPois   +          Reflect  .    (no helmet)
rElec   .          Harm     .    (no cloak)
rCorr   .          Rampage  .    j - +2 pair of gloves
Will    .....                    l - +0 pair of boots
Stlth   +.........               (no amulet)
HPRegen 0.20/turn                k - ring of poison resistance
MPRegen 0.13/turn                (no ring)

@: studying Unarmed Combat
A: no striking features
a: Renounce Religion, Draw Escape, Draw Destruction, Draw Summoning, Triple Draw


You were on level 6 of the Dungeon.
You worshipped Nemelex Xobeh.
Nemelex Xobeh was most pleased with you.
You visited 2 branches of the dungeon, and saw 7 of its levels.
You also visited: Sewer.

You collected 303 gold pieces.

Inventory:

Hand Weapons
 a - a +1 hand axe
 d - a +0 war axe
 i - a +2 dagger of venom
 t - a +2 short sword of venom (weapon)
Missiles
 m - 4 boomerangs of dispersal
 w - 9 boomerangs (quivered)
 A - 5 poisoned darts
Armour
 b - a +0 robe
 e - a +0 ring mail (worn)
 j - a +2 pair of gloves (worn)
 l - a +0 pair of boots (worn)
Jewellery
 k - a ring of poison resistance (left hand)
 r - a ring of fire
Wands
 s - a wand of iceblast (6)
 x - a wand of mindburst (7)
Scrolls
 f - 2 scrolls of blinking
 p - 3 scrolls of teleportation
 u - a scroll of enchant weapon
 y - a scroll of fear
Potions
 c - a potion of ambrosia
 g - a potion of resistance {unknown}
 h - 3 potions of curing
 n - 2 potions of mutation
 o - a potion of invisibility {unknown}
 q - 3 potions of might
 z - 3 potions of heal wounds
 B - a potion of flight {unknown}


   Skills:
 - Level 3.6 Fighting
 + Level 11.3 Axes
 - Level 3.0 Armour
 - Level 2.4 Dodging
 - Level 1.5 Stealth
 + Level 7.9 Invocations


You had 7 spell levels left.
You didn't know any spells.
Your spell library contained the following spells:

 Spells                   Type           Power      Damage    Failure   Level
 Freeze                   Ice            0%         1d3       56%         1
 Frozen Ramparts          Ice            0%         1d1       91%         3
 Hailstorm                Conj/Ice       0%         3d3       91%         3


Dungeon Overview and Level Annotations

Branches:
Dungeon (6/15)             Temple (1/1) D:4           Sewer (visited)

Altars:
Cheibriados
Dithmenos
Fedhas
Hepliaklqana
Makhleb
Nemelex Xobeh
Okawaru
Qazlal
Sif Muna
Uskayaw
Vehumet
Xom
Yredelemnul
Zin


Message History

The wyvern zombie is lightly damaged.
The centaur shoots an arrow.
The arrow misses you.
The arrow hits the water moccasin!
The wyvern zombie barely misses your ice beast.
The wyvern zombie bites you.
The water moccasin bites you but does no damage.
The centaur shoots an arrow.
The arrow completely misses you.
The arrow barely misses the water moccasin.
The wyvern zombie bites your ice beast! The wyvern zombie bites you.
* * * LOW HITPOINT WARNING * * *
Your ice beast hits the wyvern zombie.
Your ice beast freezes the wyvern zombie.
The wyvern zombie resists.
Your basilisk barely misses the wyvern zombie.
The iguana misses you.
Hubris850's illusion hits the ogre!
The ogre looks as sick as possible!
You hit the wyvern zombie.
The wyvern zombie is moderately damaged.
The water moccasin bites you but does no damage.
The centaur shoots an arrow.
The arrow hits you!
* * * LOW HITPOINT WARNING * * *
The ogre barely misses Hubris850's illusion.
The wyvern zombie closely misses your ice beast.
The wyvern zombie barely misses you. The water moccasin bites you!
* * * LOW HITPOINT WARNING * * *
Your basilisk gazes at the wyvern zombie.
The wyvern zombie struggles to resist.
Hubris850's illusion hits the ogre.
The ogre dies!
Your ice beast hits the wyvern zombie.
Your ice beast freezes the wyvern zombie.
The wyvern zombie resists.
The iguana bites you but does no damage.
Unknown command.
The centaur shoots an arrow.
The arrow closely misses you.
The arrow barely misses the water moccasin.
The wyvern zombie bites your ice beast!
The wyvern zombie bites you but does no damage.
The water moccasin misses you.
The centaur shoots an arrow.
The arrow hits you.
You die...
Your body glows with a rainbow of weird colours and disappears.

. .# ##. .##
... ..## .
#.#####...# #
..#..v......#..
...........c...
...........#...
#.....@..@)...
......SlZ..##..
#.......Y......
.......WlZ.....
...............
............P..
............PP.
.........(8P.P.


You could see a water moccasin, a phantom, a centaur, an iguana (ally target), 2
wyvern zombies, a friendly basilisk (summoned), a friendly fire vortex
(summoned), a friendly ice beast (summoned) and the friendly Hubris850's
illusion (summoned).

Vanquished Creatures
  A water moccasin (D:5)
  A black bear (D:5)
  An ogre (D:5)
  2 centaurs (D:5)
  A bullfrog (Sewer)
  6 scorpions
  An orc priest (D:5)
  A hound (D:5)
  A jelly (D:4)
  Natasha (twice) (D:2)
  4 orc wizards
  7 adders
  An ufetubus (D:5)
  A worm (D:3)
  3 dart slugs
  16 orcs
  7 ball pythons
  7 endoplasms
  12 giant cockroaches
  12 goblins
  10 hobgoblins
  2 jackals (D:2)
  6 quokkas
  3 bats
  12 frilled lizards
  5 kobolds
  6 rats
131 creatures vanquished.

Vanquished Creatures (collateral kills)
  An ogre (D:6)
  A centaur (D:5)
  A jelly (D:5)
3 creatures vanquished.

Vanquished Creatures (others)
  10 plants (D:2)
10 creatures vanquished.

Grand Total: 144 creatures vanquished

Notes
Turn   | Place    | Note
-------+----------+-------------------------------------------
     0 | D:1      | Hubris850 the Hill Orc Monk began the quest for the Orb.
     0 | D:1      | Reached XP level 1. HP: 19/19 MP: 1/1
   287 | D:1      | Reached skill level 1 in Armour
   304 | D:1      | Reached XP level 2. HP: 25/26 MP: 2/2
   705 | D:1      | Reached XP level 3. HP: 30/31 MP: 3/3
  1095 | D:2      | Reached skill level 5 in Axes
  1619 | D:2      | Reached XP level 4. HP: 39/39 MP: 4/4
  1745 | D:2      | Noticed Natasha
  1903 | D:2      | Killed Natasha
  2073 | D:2      | Noticed Natasha
  2085 | D:2      | Killed Natasha
  2086 | D:2      | Reached skill level 6 in Axes
  2086 | D:2      | Reached XP level 5. HP: 13/45 MP: 5/5
  2585 | D:3      | Found a glowing drain.
  2662 | Sewer    | Entered a sewer
  2845 | Sewer    | Reached skill level 7 in Axes
  2946 | Sewer    | Reached XP level 6. HP: 44/51 MP: 6/6
  3402 | D:3      | Reached skill level 8 in Axes
  3645 | D:4      | Found a burning altar of Makhleb.
  3765 | D:4      | Found a shadowy altar of Dithmenos.
  3768 | D:4      | Found a staircase to the Ecumenical Temple.
  3774 | Temple   | Entered the Ecumenical Temple
  3804 | Temple   | Became a worshipper of Nemelex Xobeh the Trickster
  3804 | Temple   | Reached * piety under Nemelex Xobeh
  3804 | Temple   | Received a gift from Nemelex Xobeh
  3804 | Temple   | Reached ** piety under Nemelex Xobeh
  3857 | D:4      | Reached skill level 1 in Invocations
  3878 | D:4      | Received a gift from Nemelex Xobeh
  4129 | D:4      | Reached XP level 7. HP: 48/57 MP: 7/9
  4202 | D:4      | Reached skill level 9 in Axes
  4683 | D:5      | Entered Level 5 of the Dungeon
  4898 | D:5      | Reached skill level 5 in Invocations
  4904 | D:5      | Reached XP level 8. HP: 6/64 MP: 10/12
  4913 | D:5      | HP: 3/64 [centaur (1)]
  4915 | D:5      | Reached skill level 10 in Axes
  5963 | D:5      | Received a gift from Nemelex Xobeh
  6089 | D:5      | Reached skill level 11 in Axes
  6104 | D:5      | Received a gift from Nemelex Xobeh
  6196 | D:5      | Found a blossoming altar of Fedhas.
  6383 | D:6      | Reached *** piety under Nemelex Xobeh
  6391 | D:6      | HP: 3/64 [water moccasin (7)]
  6392 | D:6      | Shot with an arrow by a centaur

Illustrated notes

Levels and vault maps discovered:
D:1:      eino_arrival_water_star, layout_rooms, st_stairs_5
D:2:      layout_loops_cross, wad_woods_river_04, uniq_natasha
D:3:      layout_basic, cheibrodos_sewer_entry_bend
D:4:      layout_loops_ring, mainiacjoe_overflow_tiny_flanked,
          grunt_dithmenos_smoke, minmay_temple_entry_sparse_star,
          minmay_misc_feat_pillars, amcnicky_mini_corridor_feature
D:5:      layout_loops_corners, mainiacjoe_overflow_brackets,
          minmay_manual_mares
D:6:      layout_rooms, minitemple, serial_undead, serial_undead_b,
          serial_undead_c, serial_undead_e, serial_undead_a, enter_ossuary_2,
          kennysheep_generic_room_9
Temple:   nicolae_temple_great_sept

Skill      XL: |  1  2  3  4  5  6  7  8 |
---------------+-------------------------+-----
Armour         | 1 2 3 |  3.0
Axes           | 5 6 7 8 9 11 | 11.3
Invocations    | 3 5 7 |  7.9
Fighting       | |  3.6
Dodging        | |  2.4
Stealth        | |  1.5

Action                   |  1- 3 |  4- 6 |  7- 9 || total
-------------------------+-------+-------+-------++-------
Melee: Hand axe          |    47 |       |    27 ||    74
       Dagger            |    61 |   148 |       ||   209
       Punch             |       |     3 |     2 ||     5
       Short sword       |       |    72 |    99 ||   171
Throw: Dart              |       |       |     6 ||     6
Invok: Draw Destruction  |       |     2 |     2 ||     4
       Draw Summoning    |       |       |     4 ||     4
  Use: Scroll            |       |       |    12 ||    12
 Stab: Sleeping          |     1 |       |       ||     1
Armor: Ring mail         |    35 |    70 |    68 ||   173
Dodge: Dodged            |    63 |   121 |   101 ||   285

Table legend: (Time is in decaauts)
 A = Elapsed time spent in this place.
 B = Non-inter-level travel time spent in this place.
 C = Inter-level travel time spent in this place.
 D = Time resting spent in this place.
 E = Time spent auto-exploring this place.
 F = Levels seen in this place.
 G = Mean time per level.
                   A        B        C        D        E       F      G
               +--------+--------+--------+--------+--------+-----+--------+
         Total |   6458 |   6313 |    145 |   1554 |   3431 |   8 |  807.2 |
       Dungeon |   6081 |   5936 |    145 |   1516 |   3428 |   6 | 1013.5 |
        Temple |     41 |     41 |      0 |      0 |      0 |   1 |   41.0 |
         Sewer |    335 |    335 |      0 |     38 |      3 |   1 |  335.0 |
               +--------+--------+--------+--------+--------+-----+--------+

Top non-repeatable levels by time:
     D:5: 1692 daAuts
     D:2: 1610 daAuts
     D:4: 1107 daAuts
     D:1: 875 daAuts
     D:3: 788 daAuts
   Sewer: 335 daAuts
  Temple: 41 daAuts
     D:6: 8 daAuts
